 Dungeon Crawl Stone Soup version 0.24-a0-249-g2af7e83 (webtiles) character file.

Game seed: 17449025491021755896

1383 Hylith the Skirmisher (level 8, -3/64 HPs)
             Began as a Demonspawn Fighter on Apr 13, 2019.
             Was an Initiate of Makhleb.
             Slain by Grinder (5 damage)
             ... while paralysed by Grinder
             ... on level 5 of the Dungeon.
             The game lasted 00:15:05 (6814 turns).

Hylith the Skirmisher (Demonspawn Fighter)          Turns: 6814, Time: 00:15:06

Health: -3/64      AC:  9    Str: 16    XL:     8   Next: 40%
Magic:  0/9        EV:  2    Int: 10    God:    Makhleb [......]
Gold:   622        SH:  0    Dex: 12    Spells: 7/7 levels left

rFire    + . .     SeeInvis .   a - +0 flail
rCold    + . .     Gourm    .   c - +0 shield
rNeg     . . .     Faith    .   y - +1 scale mail {rC+}
rPois    .         Spirit   +   (no helmet)
rElec    .         Reflect  .   w - scarf {Spirit}
rCorr    .         Harm     .   k - +0 pair of gloves
MR       .....                  (no boots)
Stlth    ..........             (no amulet)
HPRegen  0.20/turn              o - -3 ring of strength (curse)
MPRegen  0.11/turn              (no ring)

@: paralysed
A: large bone plates 1, fire resistance 1, spiny 1, flame cloud immunity
a: Renounce Religion


You were on level 5 of the Dungeon.
You worshipped Makhleb.
Makhleb was noncommittal.
You were near starving.

You visited 2 branches of the dungeon, and saw 7 of its levels.

You collected 622 gold pieces.

Inventory:

Hand Weapons
 a - a +0 flail (weapon)
Armour
 c - a +0 shield (worn)
 k - a +0 pair of gloves (worn)
 w - a scarf of spirit shield (worn)
 y - a +1 scale mail of cold resistance (worn)
Jewellery
 o - a cursed -3 ring of strength (left hand)
Wands
 i - a wand of iceblast (8)
 r - a wand of polymorph (10)
Scrolls
 h - 2 scrolls of identify
 j - a scroll of teleportation
 l - 2 scrolls of fear
 p - 4 scrolls of blinking
 s - 2 scrolls of remove curse {unknown}
 t - 2 scrolls of immolation
 u - a scroll of magic mapping {unknown}
 x - a scroll of enchant weapon {unknown}
Potions
 d - 2 potions of might
 e - a potion of haste {unknown}
 g - a potion of flight {unknown}
 m - 2 potions of degeneration {unknown}
 n - a potion of cancellation {unknown}
 q - 2 potions of curing {unknown}
 v - a potion of ambrosia
Comestibles
 f - 8 rations


   Skills:
 + Level 5.7 Fighting
 + Level 4.8 Maces & Flails
 + Level 5.2 Armour
 + Level 5.2 Shields
 + Level 2.5 Evocations


You had 7 spell levels left.
You didn't know any spells.
Your spell library was empty.

Dungeon Overview and Level Annotations

Branches:
Dungeon (6/15)             Temple (1/1) D:4

Altars:
Ashenzari
Dithmenos
Fedhas
Gozag
Makhleb
Nemelex Xobeh
Okawaru
Qazlal
Ru
Sif Muna
Trog
Uskayaw
Vehumet
Yredelemnul
The Shining One

Shops:
D:4 }   D:5 %

Annotations:
D:5 Grinder
D:6 Eustachio


Innate Abilities, Weirdness & Mutations

You are partially covered in large bone plates. (SH +4)
Your flesh is heat resistant. (rF+)
You are partially covered in sharp spines.
You are immune to clouds of flame.


Message History

You hit Grinder.
Grinder is severely wounded.
Grinder gestures at you.
You suddenly lose the ability to move!
Grinder gestures at you. Pain shoots through your body!
* * * LOW HITPOINT WARNING * * *
You are near starving!
Grinder hits you.
* * * LOW HITPOINT WARNING * * *
You writhe in agony.
* * * LOW HITPOINT WARNING * * *
Grinder hits you.
* * * LOW HITPOINT WARNING * * *
You writhe in agony.
* * * LOW HITPOINT WARNING * * *
Grinder hits you.
* * * LOW HITPOINT WARNING * * *
You writhe in agony.
You die...

#..#.........#.# #..#....##.#
#..####.######.# #..#....##.#
#<.............# #..#....##.#
########.#.#####.###..#....##.#
#............#........#....##.#
##.###........#.#.####.#.#####.#
#...............#.# #.#.#####.#
#..............5#.# #.#.......#
##.####.##.#....@#.####.#########
.............#..>................
#..####.##.#.#.[.................
#..# #.##.#.#...####............
#..####.##.#.#...####.#########..
#...................#.# #..
#.#####....#.#.#.####.# #.. #.#
##.......#.# #.# #.. #.#
#.###.###.# #.# ###..


You could see Grinder.

Vanquished Creatures
  A phantom (D:4)
  A sky beast (D:5)
  A centaur (D:4)
  2 ogres (D:4)
  A water moccasin zombie (D:5)
  A bullfrog zombie (D:5)
  A crimson imp (D:5)
  A bullfrog skeleton (D:4)
  A jelly (D:3)
  A hound (D:5)
  An orc priest (D:5)
  3 iguanas (D:4)
  4 orc wizards
  3 worker ants
  A statue (D:5)
  Robin (D:3)
  14 gnolls
  14 adders
  A shadow imp (D:5)
  An ooze (D:4)
  2 worms
  2 dart slugs (D:1)
  5 leopard geckos
  15 orcs
  2 ball pythons
  8 bats
  6 giant cockroaches
  17 goblins
  12 hobgoblins
  5 jackals
  7 kobolds
  2 quokkas (D:4)
  23 frilled lizards
  2 jackal skeletons (D:4)
  A quokka skeleton (D:4)
  14 rats
177 creatures vanquished.

Notes
Turn   | Place    | Note
-------+----------+-------------------------------------------
     0 | D:1      | Hylith the Demonspawn Fighter began the quest for the Orb.
     0 | D:1      | Reached XP level 1. HP: 18/18 MP: 1/1
   234 | D:1      | Gained mutation: You are partially covered in large bone
                  | plates. (SH +4) [demonic ancestry]
   234 | D:1      | Reached XP level 2. HP: 18/24 MP: 2/2
   369 | D:1      | HP: 1/24 [frilled lizard (2)]
   458 | D:1      | Gained mutation: Your flesh is heat resistant. (rF+)
                  | [demonic ancestry]
   458 | D:1      | Reached XP level 3. HP: 29/29 MP: 3/3
   966 | D:2      | Reached XP level 4. HP: 26/35 MP: 4/4
  1816 | D:3      | Gained mutation: You are partially covered in sharp spines.
                  | [demonic ancestry]
  1816 | D:3      | Reached XP level 5. HP: 22/42 MP: 5/5
  2234 | D:3      | Noticed Robin
  2258 | D:3      | Killed Robin
  2293 | D:3      | Found a glowing golden altar of the Shining One.
  2346 | D:3      | Found a shattered altar of Ashenzari.
  2389 | D:3      | Found a basalt altar of Yredelemnul.
  2391 | D:3      | Noticed a profane servitor
  2798 | D:3      | Found a shadowy altar of Dithmenos.
  3067 | D:3      | Noticed an angel
  3108 | D:4      | Noticed a centaur
  3121 | D:4      | Reached XP level 6. HP: 16/48 MP: 6/6
  3419 | D:4      | Found Imnopt's Gadget Boutique.
  3773 | D:4      | Reached XP level 7. HP: 9/55 MP: 7/7
  3776 | D:4      | HP: 1/55 [gnoll/+0 flail (9)]
  4152 | D:4      | Reached skill level 5 in Fighting
  4352 | D:4      | Found a staircase to the Ecumenical Temple.
  4363 | Temple   | Entered the Ecumenical Temple
  4997 | D:4      | Reached skill level 1 in Evocations
  5379 | D:5      | Entered Level 5 of the Dungeon
  5488 | D:5      | Found Tuhusech's Food Shoppe.
  5528 | D:5      | Gained mutation: You are immune to clouds of flame.
                  | [demonic ancestry]
  5528 | D:5      | Reached XP level 8. HP: 11/63 MP: 4/9
  5551 | D:5      | Reached skill level 5 in Armour
  5624 | D:5      | Reached skill level 5 in Shields
  5886 | D:5      | Found a burning altar of Makhleb.
  5891 | D:5      | Became a worshipper of Makhleb the Destroyer
  6531 | D:5      | Found a radiant altar of Vehumet.
  6633 | D:6      | Noticed Eustachio
  6639 | D:6      | Noticed Grinder
  6810 | D:5      | Paralysed by Grinder for 6 turns
  6814 | D:5      | HP: 2/64 [Grinder (4)]
  6814 | D:5      | Slain by Grinder

Levels and vault maps discovered:
D:1:      psy_arrival_conway, layout_rooms, minmay_misc_feat_encased,
          chequers_serial_rivers_small_b, chequers_serial_rivers_large_a,
          minmay_lizard_pond
D:2:      layout_basic
D:3:      layout_basic, grunt_temple_overflow_holy_war,
          overflow_temple_1_default, lemuel_round_altar, first_ration,
          kennysheep_small_spiral, uniq_robin
D:4:      minmay_polygon_palace, layout_basic, minmay_temple_entry_mist,
          serial_shops, shop, minmay_diced_spiral
D:5:      layout_basic, lightli_temple_of_fire, vehumet_statue, serial_shops,
          nicolae_shop_waterfront
D:6:      layout_rooms, grunt_temple_overflow_order_and_chaos_1,
          gammafunk_temple_overflow_pools, gammafunk_ghost_hive,
          lemuel_flamethrower_1, uniq_grinder, uniq_eustachio,
          uniq_crazy_yiuf_cottage
Temple:   compressed_dpeg_triangle_lava_temple

Skill      XL: |  1  2  3  4  5  6  7  8 |
---------------+-------------------------+-----
Maces & Flails | 2 3 4 |  4.8
Armour         | 3 4 5 |  5.2
Shields        | 3 4 5 |  5.2
Fighting       | 4 5 |  5.7
Evocations     | 1 2 |  2.5

Action                   |  1- 3 |  4- 6 |  7- 9 || total
-------------------------+-------+-------+-------++-------
Melee: Flail             |   179 |   212 |   208 ||   599
Evoke: Wand              |       |     1 |     1 ||     2
  Use: Potion            |     1 |       |       ||     1
       Scroll            |       |     5 |     1 ||     6
  Eat: Chunk             |     1 |     8 |     6 ||    15
       Ration            |       |       |     1 ||     1
Armor: Scale mail        |    96 |    78 |    65 ||   239
Dodge: Dodged            |    41 |    60 |    36 ||   137
Block: Shield            |   138 |   172 |   168 ||   478

Table legend:
 A = Non-vault XP
 B = Vault XP
 C = Vault XP percentage of total XP
 D = Non-vault monster count
 E = Vault monster count
 F = Vault count percentage of total count
                 A         B        C        D         E       F
            +---------+---------+-------+---------+---------+-------
      Total |    1546 |     431 |  21.8 |     138 |      39 |  22.0
            +---------+---------+-------+---------+---------+-------
        D:1 |      48 |      11 |  18.6 |      28 |      11 |  28.2
        D:2 |     107 |       4 |   3.6 |      28 |       2 |   6.7
        D:3 |     133 |      32 |  19.4 |      29 |       9 |  23.7
        D:4 |     593 |     352 |  37.2 |      25 |      16 |  39.0
        D:5 |     601 |      32 |   5.1 |      21 |       1 |   4.5
        D:6 |      64 |       0 |   0.0 |       7 |       0 |   0.0
            +---------+---------+-------+---------+---------+-------
